TOP OF THE 1ST |
University of Conneticut Huskies batting - Pitching for University of Oklahoma Sooners : LHP Jim Unknown
|
Pitching: LHP Jim Unknown
|
|
Batting: RHB Alfredo Reguera
|
0-0: Swinging Strike 0-1: Ground out 5-3 (Groundball, 56, EV 102.5 MPH)
|
Batting: LHB Jim Upson
|
0-0: Called Strike 0-1: Swinging Strike 0-2: Ball 1-2: Ball 2-2: Ball 3-2: Ground out 6-3 (Groundball, 6M, EV 88.8 MPH)
|
Batting: RHB Hector Barajas
|
0-0: Called Strike 0-1: DOUBLE (Line Drive, 9LS, EV 112.5 MPH)
|
Batting: LHB Bill Kovac
|
0-0: Ball 1-0: Called Strike 1-1: DOUBLE (Flyball, 8LXD, EV 95.6 MPH) Hector Barajas scores
|
Batting: RHB Bill Stern
|
0-0: Called Strike 0-1: Ball 1-1: Ball 2-1: Foul Ball, location: 2F 2-2: Ball 3-2: Foul Ball, location: 5F, Error on foul ball, E5 3-2: Foul Ball, location: 2F 3-2: 2-RUN HOME RUN (Flyball, 7D, EV 98.1 MPH), Distance : 375 ft
|
Batting: RHB Alejandro Collazo
|
0-0: Ball 1-0: Called Strike 1-1: Ball 2-1: Foul Ball, location: 2F 2-2: Ball 3-2: SINGLE (Groundball, 34D, EV 108.1 MPH)
|
Batting: RHB Hugo Priego
|
0-0: Ball 1-0: Called Strike 1-1: Fly out, F7 (Flyball, 7D, EV 93.1 MPH)
|
Top of the 1st over - 3 runs, 4 hits, 1 error, 1 left on base; University of Conneticut 3 - University of Oklahoma 0 |
BOTTOM OF THE 1ST |
University of Oklahoma Sooners batting - Pitching for University of Conneticut Huskies : RHP Sergei Stefanov
|
Pitching: RHP Sergei Stefanov
|
|
Batting: RHB Ruben Arreola
|
0-0: Called Strike 0-1: DOUBLE (Line Drive, 7LS, EV 93.8 MPH)
|
Batting: RHB Estevan Carrillo
|
0-0: Called Strike 0-1: Ball 1-1: Swinging Strike 1-2: Fly out, F7 (Flyball, 7, EV 83.1 MPH)
|
Batting: RHB Han Caspers
|
0-0: Called Strike 0-1: SINGLE (Groundball, 3D, EV 102.5 MPH) Ruben Arreola to third
|
Batting: LHB Alex Gutierrez
|
0-0: Called Strike 0-1: Swinging Strike 0-2: Strikes out swinging
|
Batting: SHB Markus Woolridge
|
0-0: Called Strike 0-1: Fly out, F7 (Line Drive, 7D, EV 86.2 MPH)
|
Bottom of the 1st over - 0 runs, 2 hits, 0 errors, 2 left on base; University of Conneticut 3 - University of Oklahoma 0 |
TOP OF THE 2ND |
University of Conneticut Huskies batting - Pitching for University of Oklahoma Sooners : LHP Jim Unknown
|
Batting: LHB Enzo Aguello
|
0-0: Fly out, F7 (Flyball, 78D, EV 71.2 MPH)
|
Batting: SHB Chris Handelman
|
0-0: Ball 1-0: Ball 2-0: Called Strike 2-1: Fly out, F9 (Flyball, 9D, EV 98.8 MPH)
|
Batting: RHB Alfredo Reguera
|
0-0: Called Strike 0-1: Foul Ball, location: 2F 0-2: Ball 1-2: Ground out 5-3 (Groundball, 56, EV 85.6 MPH)
|
Top of the 2nd over - 0 runs, 0 hits, 0 errors, 0 left on base; University of Conneticut 3 - University of Oklahoma 0 |
BOTTOM OF THE 2ND |
University of Oklahoma Sooners batting - Pitching for University of Conneticut Huskies : RHP Sergei Stefanov
|
Batting: RHB Danny Hutto
|
0-0: Called Strike 0-1: Foul Ball, location: 2F 0-2: Foul Ball, location: 2F 0-2: Fly out, F8 (Flyball, 8LXD, EV 97.5 MPH)
|
Batting: RHB Victor Borras
|
0-0: Ball 1-0: Ball 2-0: Reached on error, E9 (Flyball, 9S, EV 72.5 MPH)
|
Batting: RHB Jim Unknown
|
0-0: Ball 1-0: Called Strike 1-1: Ball 2-1: Called Strike 2-2: Strikes out looking
|
Batting: SHB Jim Unknown
|
0-0: Called Strike 0-1: Ball 1-1: Swinging Strike 1-2: Ball 2-2: Strikes out looking
|
Bottom of the 2nd over - 0 runs, 0 hits, 1 error, 1 left on base; University of Conneticut 3 - University of Oklahoma 0 |
TOP OF THE 3RD |
University of Conneticut Huskies batting - Pitching for University of Oklahoma Sooners : LHP Jim Unknown
|
Batting: LHB Jim Upson
|
0-0: Ball 1-0: Fly out, F9 (Flyball, 9D, EV 98.8 MPH)
|
Batting: RHB Hector Barajas
|
0-0: Called Strike 0-1: Foul Ball, location: 2F 0-2: Ball 1-2: Reached on error, E5 (Groundball, 56, EV 79.4 MPH)
|
Batting: LHB Bill Kovac
|
0-0: Ball 1-0: Ball 2-0: Ground out 6-3 (Groundball, 6, EV 82.5 MPH)
|
Batting: RHB Bill Stern
|
0-0: Ball 1-0: Swinging Strike 1-1: Ball 2-1: SINGLE (Line Drive, 6D, EV 98.8 MPH) Hector Barajas to third Runner from 3rd tries for Home, SAFE, throw by LF to home
|
Batting: RHB Alejandro Collazo
|
0-0: Called Strike 0-1: Ball 1-1: Swinging Strike 1-2: Reached on error, E6 (Groundball, 6, EV 86.2 MPH) Bill Stern to second
|
Batting: RHB Hugo Priego
|
0-0: Fly out, F8 (Flyball, 8RM, EV 91.9 MPH)
|
Top of the 3rd over - 1 run, 1 hit, 2 errors, 2 left on base; University of Conneticut 4 - University of Oklahoma 0 |
BOTTOM OF THE 3RD |
University of Oklahoma Sooners batting - Pitching for University of Conneticut Huskies : RHP Sergei Stefanov
|
Batting: RHB Ruben Arreola
|
0-0: Foul Ball, location: 2F 0-1: Ball 1-1: Fly out, F7 (Flyball, 7D, EV 103.1 MPH)
|
Batting: RHB Estevan Carrillo
|
0-0: Ball 1-0: Ball 2-0: Ground out 6-3 (Groundball, 6, EV 101.2 MPH)
|
Batting: RHB Han Caspers
|
0-0: Ball 1-0: Fly out, F4 (Popup, 4M, EV 54.4 MPH)
|
Bottom of the 3rd over - 0 runs, 0 hits, 0 errors, 0 left on base; University of Conneticut 4 - University of Oklahoma 0 |
TOP OF THE 4TH |
University of Conneticut Huskies batting - Pitching for University of Oklahoma Sooners : LHP Jim Unknown
|
Batting: LHB Enzo Aguello
|
0-0: Ball 1-0: Swinging Strike 1-1: Ball 2-1: Foul Ball, location: 2F 2-2: Strikes out looking
|
Batting: SHB Chris Handelman
|
0-0: Ball 1-0: Swinging Strike 1-1: SINGLE (Groundball, 6MD, EV 95.6 MPH)
|
Batting: RHB Alfredo Reguera
|
0-0: Ball 1-0: Ball 2-0: Called Strike 2-1: SINGLE (Groundball, 56D, EV 100.6 MPH) Chris Handelman to second
|
Batting: LHB Jim Upson
|
0-0: Ball 1-0: Swinging Strike 1-1: Ball 2-1: Swinging Strike 2-2: Foul Ball, location: 2F 2-2: Ball 3-2: Base on Balls Chris Handelman to third Alfredo Reguera to second
|
Batting: RHB Hector Barajas
|
0-0: Swinging Strike 0-1: Foul Ball, location: 2F 0-2: Ball 1-2: Strikes out swinging
|
Batting: LHB Bill Kovac
|
0-0: Called Strike 0-1: SINGLE (Line Drive, 8RS, EV 91.9 MPH) Chris Handelman scores Alfredo Reguera to third Jim Upson to second Runner from 3rd tries for Home, SAFE, throw by CF to home
|
Batting: RHB Bill Stern
|
0-0: Ball 1-0: Called Strike 1-1: Called Strike 1-2: DOUBLE (Flyball, 78D, EV 101.2 MPH) Jim Upson scores Bill Kovac to third Runner from 3rd tries for Home, SAFE, throw by CF to home
|
Pitching: LHP Jim Unknown
|
|
Batting: RHB Alejandro Collazo
|
0-0: Ground out 4-3 (Groundball, 4, EV 85.0 MPH)
|
Top of the 4th over - 4 runs, 4 hits, 0 errors, 1 left on base; University of Conneticut 8 - University of Oklahoma 0 |
BOTTOM OF THE 4TH |
University of Oklahoma Sooners batting - Pitching for University of Conneticut Huskies : RHP Sergei Stefanov
|
Batting: LHB Alex Gutierrez
|
0-0: Ball 1-0: Called Strike 1-1: Fly out, F9 (Line Drive, 9D, EV 98.8 MPH)
|
Batting: SHB Markus Woolridge
|
0-0: Ball 1-0: Called Strike 1-1: Foul Ball, location: 2F 1-2: Strikes out looking
|
Batting: RHB Danny Hutto
|
0-0: Ball 1-0: Called Strike 1-1: Ground out 6-3 (Groundball, 6M, EV 99.4 MPH)
|
Bottom of the 4th over - 0 runs, 0 hits, 0 errors, 0 left on base; University of Conneticut 8 - University of Oklahoma 0 |
TOP OF THE 5TH |
University of Conneticut Huskies batting - Pitching for University of Oklahoma Sooners : LHP Jim Unknown
|
Batting: RHB Hugo Priego
|
0-0: Ball 1-0: Swinging Strike 1-1: Foul Ball, location: 2F 1-2: Foul Ball, location: 2F 1-2: Foul Ball, location: 2F 1-2: Strikes out looking
|
Batting: LHB Enzo Aguello
|
0-0: Ball 1-0: Ground out 4-3 (Groundball, 4, EV 81.9 MPH)
|
Batting: SHB Chris Handelman
|
0-0: Ball 1-0: Ball 2-0: Called Strike 2-1: Ball 3-1: Base on Balls
|
Batting: RHB Alfredo Reguera
|
0-0: SINGLE (Line Drive, 8LS, EV 98.1 MPH) Chris Handelman to second
|
Batting: LHB Jim Upson
|
0-0: Called Strike 0-1: DOUBLE (Line Drive, 78M, EV 96.2 MPH) Chris Handelman scores Alfredo Reguera to third Runner from 3rd tries for Home, SAFE, throw by LF to home
|
Batting: RHB Hector Barajas
|
0-0: Foul Ball, location: 2F 0-1: Ball 1-1: Ball 2-1: Fly out, F6 (Popup, 6MS, EV 79.4 MPH)
|
Top of the 5th over - 2 runs, 2 hits, 0 errors, 1 left on base; University of Conneticut 10 - University of Oklahoma 0 |
BOTTOM OF THE 5TH |
University of Oklahoma Sooners batting - Pitching for University of Conneticut Huskies : RHP Sergei Stefanov
|
Batting: RHB Victor Borras
|
0-0: Ball 1-0: Ball 2-0: Called Strike 2-1: Foul Ball, location: 2F 2-2: SINGLE (Groundball, 56D, EV 98.1 MPH)
|
Batting: RHB Jim Unknown
|
0-0: Foul Ball, location: 2F 0-1: Ball 1-1: Swinging Strike 1-2: Ball 2-2: Strikes out swinging
|
Batting: SHB Jim Unknown
|
0-0: Called Strike 0-1: Swinging Strike 0-2: Ball 1-2: Strikes out swinging
|
Batting: RHB Ruben Arreola
|
0-0: Ball 1-0: Foul Ball, location: 2F 1-1: Swinging Strike 1-2: Ball 2-2: Strikes out swinging
|
Bottom of the 5th over - 0 runs, 1 hit, 0 errors, 1 left on base; University of Conneticut 10 - University of Oklahoma 0 |
TOP OF THE 6TH |
University of Conneticut Huskies batting - Pitching for University of Oklahoma Sooners : LHP Jim Unknown
|
Batting: LHB Bill Kovac
|
0-0: Ball 1-0: Called Strike 1-1: Called Strike 1-2: Ball 2-2: Ball 3-2: Foul Ball, location: 2F 3-2: Base on Balls
|
Batting: RHB Bill Stern
|
0-0: Ball 1-0: Ball 2-0: Ball 3-0: Called Strike 3-1: Reached on error, E5 (Groundball, 56, EV 85.0 MPH) Bill Kovac to second
|
Batting: RHB Alejandro Collazo
|
0-0: Foul Ball, location: 2F 0-1: SINGLE (Groundball, 56D, EV 96.9 MPH) Bill Kovac to third Bill Stern to second Runner from 3rd tries for Home, throw by LF and OUT! 7-2
|
Batting: RHB Hugo Priego
|
0-0: Ball Wild Pitch! Bill Stern to third Alejandro Collazo to second 1-0: Called Strike 1-1: Foul Ball, location: 2F 1-2: Ground out 4-3 (Groundball, 4M, EV 78.8 MPH) Bill Stern scores Alejandro Collazo to third
|
Batting: LHB Enzo Aguello
|
0-0: Fly out, F2 (Popup, 15S, EV 81.2 MPH)
|
Top of the 6th over - 1 run, 1 hit, 1 error, 1 left on base; University of Conneticut 11 - University of Oklahoma 0 |
BOTTOM OF THE 6TH |
University of Oklahoma Sooners batting - Pitching for University of Conneticut Huskies : RHP Sergei Stefanov
|
Batting: RHB Estevan Carrillo
|
0-0: Ball 1-0: Reached on error, E5 (Groundball, 56, EV 93.1 MPH)
|
Batting: RHB Han Caspers
|
0-0: Ball 1-0: Fly out, F4 (Popup, 34S, EV 78.1 MPH)
|
Batting: LHB Alex Gutierrez
|
0-0: Called Strike 0-1: Fly out, F9 (Line Drive, 9, EV 86.9 MPH)
|
Batting: SHB Markus Woolridge
|
0-0: Called Strike 0-1: Foul Ball, location: 2F 0-2: Ball 1-2: Strikes out looking
|
Bottom of the 6th over - 0 runs, 0 hits, 1 error, 1 left on base; University of Conneticut 11 - University of Oklahoma 0 |
TOP OF THE 7TH |
University of Conneticut Huskies batting - Pitching for University of Oklahoma Sooners : LHP Jim Unknown
|
Batting: SHB Chris Handelman
|
0-0: Foul Ball, location: 2F 0-1: Foul Ball, location: 2F 0-2: Ball 1-2: Fly out, F5 (Line Drive, 5, EV 68.1 MPH)
|
Batting: RHB Alfredo Reguera
|
0-0: Ball 1-0: Ball 2-0: Ball 3-0: Called Strike 3-1: SINGLE (Groundball, 6D, EV 110.6 MPH)
|
Batting: LHB Jim Upson
|
0-0: Foul Ball, location: 2F 0-1: Ball 1-1: Foul Ball, location: 2F 1-2: Ball 2-2: Foul Ball, location: 2F 2-2: Ball 3-2: Foul Ball, location: 2F 3-2: Fly out, F8 (Flyball, 8LS, EV 94.4 MPH)
|
Batting: RHB Hector Barajas
|
0-0: Ball 1-0: Called Strike 1-1: Ball 2-1: Ball 3-1: Base on Balls Alfredo Reguera to second
|
Pinch Hitting: LHB Yashiya Nakata
|
0-0: Foul Ball, location: 2F 0-1: Fielders Choice at 2nd, 6-4 (Groundball, 6, EV 91.2 MPH)
|
Top of the 7th over - 0 runs, 1 hit, 0 errors, 2 left on base; University of Conneticut 11 - University of Oklahoma 0 |
BOTTOM OF THE 7TH |
University of Oklahoma Sooners batting - Pitching for University of Conneticut Huskies : RHP Sergei Stefanov
|
Now in LF: Yashiya Nakata
|
|
Batting: RHB Danny Hutto
|
0-0: Ball 1-0: Ball 2-0: Swinging Strike 2-1: Foul Ball, location: 2F 2-2: Foul Ball, location: 2F 2-2: Foul Ball, location: 2F 2-2: Foul Ball, location: 2F 2-2: Strikes out swinging
|
Batting: RHB Victor Borras
|
0-0: Swinging Strike 0-1: Foul Ball, location: 2F 0-2: Ball 1-2: Strikes out looking
|
Batting: RHB Jim Unknown
|
0-0: Foul Ball, location: 2F 0-1: Swinging Strike 0-2: Ball 1-2: Strikes out swinging
|
Bottom of the 7th over - 0 runs, 0 hits, 0 errors, 0 left on base; University of Conneticut 11 - University of Oklahoma 0 |
TOP OF THE 8TH |
University of Conneticut Huskies batting - Pitching for University of Oklahoma Sooners : LHP Jim Unknown
|
Batting: RHB Bill Stern
|
0-0: Fly out, F7 (Flyball, 7S, EV 89.4 MPH)
|
Batting: RHB Alejandro Collazo
|
0-0: Ground out 1-3 (Groundball, 13S, EV 61.9 MPH)
|
Batting: RHB Hugo Priego
|
0-0: Ball 1-0: Foul Ball, location: 2F 1-1: Called Strike 1-2: SINGLE (Line Drive, 6MD, EV 95.0 MPH)
|
Batting: LHB Enzo Aguello
|
Pickoff Throw to First - Out! 1-3
|
Top of the 8th over - 0 runs, 1 hit, 0 errors, 0 left on base; University of Conneticut 11 - University of Oklahoma 0 |
BOTTOM OF THE 8TH |
University of Oklahoma Sooners batting - Pitching for University of Conneticut Huskies : RHP Sergei Stefanov
|
Batting: SHB Jim Unknown
|
0-0: SINGLE (Line Drive, 89M, EV 107.5 MPH)
|
Batting: RHB Ruben Arreola
|
0-0: SINGLE (Groundball, 6, EV 97.5 MPH) Jim Unknown to second
|
Batting: RHB Estevan Carrillo
|
0-0: Swinging Strike 0-1: Ball 1-1: Called Strike 1-2: Strikes out swinging
|
Batting: RHB Han Caspers
|
0-0: Ball 1-0: Fly out, F8 (Flyball, 8RM, EV 86.2 MPH)
|
Batting: LHB Alex Gutierrez
|
0-0: Ball 1-0: Swinging Strike 1-1: 3-RUN HOME RUN (Flyball, 78XD, EV 115.0 MPH), Distance : 418 ft
|
Pinch Hitting: RHB Camillo Bonauiti
|
0-0: Ball 1-0: Ball 2-0: Called Strike 2-1: Ball 3-1: Base on Balls
|
Pitching: RHP Miguel Ramos
|
|
Batting: RHB Danny Hutto
|
0-0: Foul Ball, location: 2F 0-1: Ball 1-1: Called Strike 1-2: Strikes out swinging, 2-3 out at first.
|
Bottom of the 8th over - 3 runs, 3 hits, 0 errors, 1 left on base; University of Conneticut 11 - University of Oklahoma 3 |
TOP OF THE 9TH |
University of Conneticut Huskies batting - Pitching for University of Oklahoma Sooners : LHP Jim Unknown
|
Now at 1B: Victor Estrada
|
|
Pinch Hitting: RHB Juan Vasquez
|
0-0: Foul Ball, location: 2F 0-1: Ball 1-1: SINGLE (Flyball, 5D, EV 95.0 MPH)
|
Pinch Hitting: RHB Jorge Dominguez
|
0-0: Ball 1-0: Ball 2-0: Ball 3-0: Called Strike 3-1: Swinging Strike 3-2: SINGLE (Groundball, 6D, EV 101.2 MPH) Juan Vasquez to second
|
Batting: RHB Alfredo Reguera
|
0-0: Ball 1-0: Fly out, F3 (Popup, 23F, EV 85.6 MPH)
|
Pitching: RHP Jim Unknown
|
|
Batting: LHB Jim Upson
|
0-0: Ball 1-0: Ball 2-0: Swinging Strike 2-1: Ball 3-1: Base on Balls Juan Vasquez to third Jorge Dominguez to second
|
Batting: RHB Hector Barajas
|
0-0: Ball 1-0: Called Strike 1-1: Ball 2-1: Ball 3-1: Base on Balls Juan Vasquez scores Jorge Dominguez to third Jim Upson to second
|
Pinch Hitting: LHB Javy Rueda
|
0-0: Ball 1-0: Ball 2-0: Ball 3-0: Base on Balls Jorge Dominguez scores Jim Upson to third Hector Barajas to second
|
Batting: RHB Paul Pastrano
|
0-0: Called Strike 0-1: SINGLE (Line Drive, 9S, EV 106.9 MPH) Jim Upson scores Hector Barajas to third Javy Rueda to second Runner from 3rd tries for Home, SAFE, throw by RF to home
|
Batting: RHB Alejandro Collazo
|
0-0: SINGLE (Flyball, 9S, EV 99.4 MPH) Javy Rueda to third Paul Pastrano to second Runner from 3rd tries for Home, throw by RF and OUT! 9-2
|
Batting: RHB Hugo Priego
|
0-0: Foul Ball, location: 2F 0-1: Foul Ball, location: 2F 0-2: Ball 1-2: Fly out, F8 (Line Drive, 8LD, EV 88.8 MPH)
|
Top of the 9th over - 4 runs, 4 hits, 0 errors, 2 left on base; University of Conneticut 15 - University of Oklahoma 3 |
BOTTOM OF THE 9TH |
University of Oklahoma Sooners batting - Pitching for University of Conneticut Huskies : RHP Miguel Ramos
|
Now at 1B: Adrian Segovia
|
|
Now in LF: Cody Leonard
|
|
Now in RF: Javy Rueda
|
|
Batting: RHB Victor Borras
|
0-0: Ball 1-0: Foul Ball, location: 2F 1-1: Ball 2-1: Called Strike 2-2: Strikes out swinging
|
Batting: RHB Jim Unknown
|
0-0: Called Strike 0-1: Called Strike 0-2: Foul Ball, location: 2F 0-2: Strikes out looking
|
Batting: SHB Jim Unknown
|
0-0: Called Strike 0-1: Swinging Strike 0-2: Ball 1-2: Fly out, F7 (Flyball, 7S, EV 73.8 MPH)
|
Bottom of the 9th over - 0 runs, 0 hits, 0 errors, 0 left on base; University of Conneticut 15 - University of Oklahoma 3 |
|